Map: Cactus Valley LE (Void)

Players

BlueDragon - Winner!

  • Race: Protoss Protoss
  • League: Silver
  • Spawn Location: 11:00

Oveja

  • Race: Terran Terran
  • Spawn Location: 5:00

VOD

https://www.youtube.com/watch?v=XvvuwUK91QY?informnation=1

Description

Cactus Valley LE (Void) (10) Cheese Dark Templar
End of video clip

Time

  • Played on: March 10, 2017, 1:41 p.m.
  • Length: 8:29
Show
View Real Time Build Order
Export as new Build Order

BlueDragon Protoss - Winner!

Build Orders: Dark Templar Rush 

Get SALT Encoding   

  12  0:06  Probe (Chrono Boost)  
  13  0:17  Probe (Chrono Boost)  
  14  0:21  Pylon  
  14  0:27  Probe (Chrono Boost)  
  15  0:39  Probe (Chrono Boost)  
  16  0:43  Gateway  
  17  0:50  Probe (Chrono Boost)  
  17  0:58  Assimilator  
  17  1:00  Probe (Chrono Boost)  
  18  1:11  Probe (Chrono Boost)  
  19  1:21  Probe (Chrono Boost)  
  20  1:34  Probe (Chrono Boost)  
  21  1:44  Zealot  
  23  1:56  Pylon  
  23  1:58  Assimilator  
  23  2:05  Cybernetics Core  
  23  2:15  Probe (Chrono Boost)  
  24  2:39  Gateway  
  24  2:41  Gateway  
  23  2:47  Twilight Council  
  23  2:54  Warp Gate  
  23  3:01  Probe (Chrono Boost)  
  24  3:20  Pylon  
  24  3:27  Probe (Chrono Boost)  
  25  3:39  Dark Shrine  
  25  3:46  Gateway  
  25  3:48  Pylon  
  25  3:57  Forge  
  25  4:16  Nexus  
  25  4:30  Protoss Ground Weapons Level 1  
  25  4:36  Probe (Chrono Boost)  
  26  4:48  Probe (Chrono Boost)  
  27  4:59  Dark Templar  
  31  5:02  Mothership Core (Chrono Boost)  
  31  5:04  Dark Templar  
  31  5:05  Dark Templar  
  35  5:18  Assimilator  
  36  5:22  Probe (Chrono Boost)  
  36  5:30  Dark Templar  
  36  5:34  Probe (Chrono Boost)  
  39  5:54  Dark Templar  
  39  6:27  Dark Templar  
  37  6:53  Dark Templar  
  35  7:11  Dark Templar  
  37  7:29  Dark Templar  
  38  7:50  Dark Templar  
Show
View Real Time Build Order
Export as new Build Order

Oveja Terran 

Build Orders:  

Get SALT Encoding   

  12  0:01  SCV  
  13  0:13  SCV  
  14  0:21  Supply Depot  
  14  0:25  SCV  
  15  0:33  Refinery  
  15  0:43  SCV  
  16  0:51  Barracks  
  16  0:55  SCV  
  17  1:07  SCV  
  18  1:11  Supply Depot  
  18  1:19  SCV  
  19  1:35  Supply Depot  
  19  1:37  SCV  
  20  1:41  Marine  
  21  1:52  Orbital Command  
  21  2:17  Command Center  
  21  2:20  SCV  
  22  2:39  Factory  
  22  2:50  Barracks, SCV  
  23  2:53  Marine  
  24  3:09  Engineering Bay  
  24  3:11  SCV  
  25  3:14  Refinery  
  25  3:15  Barracks Tech Lab  
  25  3:25  Barracks  
  25  3:26  Factory Tech Lab  
  25  3:30  SCV  
  25  3:33  SCV  
  27  3:47  Supply Depot, Bunker  
  27  3:54  Siege Tank  
  30  3:57  SCV  
  33  4:02  Marauder  
  33  4:13  SCV  
  33  4:14  Starport  
  33  4:16  SCV  
  35  4:19  Barracks Reactor  
  35  4:21  Barracks Tech Lab  
  35  4:28  Stimpack  
  35  4:29  Widow Mine  
  37  4:32  SCV  
  38  4:44  SCV, Marine  
  40  4:52  Sensor Tower, Medivac  
  42  4:55  Supply Depot  
  42  4:56  SCV  
  43  5:01  Marine x2  
  47  5:07  Marauder  
  47  5:11  Marine  
  48  5:18  Marine  
  48  5:19  Marine  
  50  5:21  Supply Depot  
  50  5:31  Sensor Tower  
  50  5:43  Medivac  
  52  5:53  Supply Depot  
  52  6:02  Refinery  
  52  6:04  Refinery  
  21  7:02  Starport Tech Lab  
  21  7:07  Orbital Command  
  20  7:18  Orbital Command  
  18  7:23  Marine x3  
  18  7:29  SCV  
  22  7:30  Missile Turret  
  21  7:41  SCV, Marine  
  19  7:53  SCV  
  20  7:59  Missile Turret  
  20  8:08  Missile Turret  
  19  8:13  SCV  
Tags
 
Add a new tag
Caveats
  • Supply blocks, unpowered buildings, or Contaminate may cause inaccurate times.
  • Supply counts are checked every 10 seconds.